 Dungeon Crawl Stone Soup version 0.28-a0-1206-g193881aaa2 (webtiles) character file.

Game seed: 14865681686240437408

22158 Crownlay the Thaumaturge (level 12, -2/76 HPs)
             Began as a Gargoyle Earth Elementalist on Dec 20, 2021.
             Was a High Priest of Vehumet.
             Slain by a yak (11 damage)
             ... in an ice cave.
             The game lasted 00:45:33 (18782 turns).

Crownlay the Thaumaturge (GrEE)                    Turns: 18782, Time: 00:45:34

Health: -2/76      AC: 13    Str: 17    XL:     12   Next: 97%
Magic:  22/29      EV: 13    Int: 27    God:    Vehumet [*****.]
Gold:   1586       SH:  8    Dex: 20    Spells: 22/37 levels left

rFire   + . .      SeeInvis .   A - +7 short sword of Makhleb's Envy {freeze, rCorr Int+2}
rCold   . . .      Faith    .   I - +2 buckler of Latuat {*Slow +Blink rElec Dex+6}
rNeg    + . .      Spirit   .   i - +1 robe {rF+}
rPois   ∞          Reflect  .   (no helmet)
rElec   +          Harm     .   f - +0 cloak
rCorr   +          Rampage  .   D - +0 pair of gloves {Str+3}
Will    .....                   (no boots)
Stlth   ++........              l - amulet of the acrobat
HPRegen 0.22/turn               g - ring of the Death Scarab {Int+6 Dex+4}
MPRegen 0.21/turn               (no ring)

@: no status effects
A: sickness immunity, AC +8, negative energy resistance 1, electricity
resistance, torment resistance 1, petrification resistance
a: Renounce Religion, Evoke Blink


You were in an ice cave.
You worshipped Vehumet.
Vehumet was extremely pleased with you.
You visited 3 branches of the dungeon, and saw 16 of its levels.
You also visited: Sewer and Ice Cave.

You collected 1586 gold pieces.

Inventory:

Hand Weapons
 A - the +7 short sword of Makhleb's Envy (weapon) {freeze, rCorr Int+2}
   (You found it on level 7 of the Dungeon)

   It freezes those it strikes, dealing additional cold damage.
   It can also slow down cold-blooded creatures.
   Int:       It affects your intelligence (+2).
   rCorr:     It protects you from acid and corrosion.
Missiles
 G - 3 throwing nets
 H - 141 stones
Armour
 f - a +0 cloak (worn)
 i - a +1 robe of fire resistance (worn)
 D - a +0 pair of gloves of strength (worn)
 I - the +2 buckler of Latuat (worn) {*Slow +Blink rElec Dex+6}
   (You found it on level 13 of the Dungeon)

   Dex:       It affects your dexterity (+6).
   rElec:     It insulates you from electricity.
   +Blink:    It lets you blink.
   *Slow:     It may slow you when you take damage.
Jewellery
 c - an amulet of reflection
 g - the ring of the Death Scarab (left hand) {Int+6 Dex+4}
   (You found it on level 9 of the Dungeon)

   [ring of intelligence]

   Int:       It affects your intelligence (+6).
   Dex:       It affects your dexterity (+4).
 l - an amulet of the acrobat (around neck)
 r - a ring of fire
 K - a +4 ring of slaying
Wands
 p - a wand of iceblast (7)
 s - a wand of charming (17)
 y - a wand of digging (8)
 E - a wand of paralysis (7)
Scrolls
 a - 4 scrolls of amnesia
 d - a scroll of summoning {unknown}
 j - 5 scrolls of teleportation
 k - 3 scrolls of fear
 q - a scroll of torment {unknown}
 t - a scroll of blinking
 w - a scroll of immolation {unknown}
 B - a scroll of magic mapping {unknown}
 C - 5 scrolls of enchant armour
 F - 3 scrolls of fog
 M - a scroll of silence {unknown}
Potions
 b - 3 potions of might
 e - 7 potions of curing
 m - 2 potions of lignification
 n - a potion of magic {unknown}
 o - a potion of flight {unknown}
 u - a potion of berserk rage {unknown}
 v - 2 potions of attraction {unknown}
 x - a potion of brilliance {unknown}
 z - 2 potions of resistance
 J - a potion of mutation {unknown}
 L - a potion of cancellation {unknown}


   Skills:
 * Level 9.1 Fighting
 - Level 2.9 Dodging
 - Level 2.1 Stealth
 - Level 4.0 Shields
 * Level 13.2 Spellcasting
 - Level 10.0 Conjurations
 - Level 0.7 Transmutations
 + Level 10.2 Earth Magic
 + Level 3.6 Evocations


You had 22 spell levels left.
You knew the following spells:

 Your Spells              Type           Power      Damage    Failure   Level
a - Sandblast             Erth           100%       2d20      1%          1
b - Stone Arrow           Conj/Erth      100%       3d13      1%          3
c - Iron Shot             Conj/Erth      32%        9d7       2%          6
d - Lee's Rapid Deconstr  Erth           32%        3d17*     1%          5

Your spell library contained the following spells:

 Spells                   Type           Power      Damage    Failure   Level
 Magic Dart               Conj           100%       1d8       1%          1
 Passwall                 Tmut/Erth      39%        N/A       1%          2
 Conjure Flame            Conj/Fire      44%        6-21      1%          3
 Dazzling Flash           Conj/Hex       88%        N/A       1%          3
 Mephitic Cloud           Conj/Pois/Air  35%        N/A       1%          3
 Flame Wave               Conj/Fire      44%        2d8       1%          4
 Fulminant Prism          Conj/Hex       22%        3d13      1%          4
 Iskenderun's Mystic Bla  Conj/Tloc      44%        2d10      1%          4
 Beastly Appendage        Tmut           42%        N/A       2%          1
 Wereblood                Tmut           21%        N/A       3%          2
 Leda's Liquefaction      Hex/Erth       22%        N/A       3%          4
 Petrify                  Tmut/Erth      47%        N/A       3%          4
 Blink                    Tloc           34%        N/A       4%          2
 Call Imp                 Summ           17%        N/A       4%          2
 Ensorcelled Hibernation  Hex/Ice        34%        N/A       4%          2
 Spider Form              Tmut/Pois      19%        N/A       9%          3
 Call Canine Familiar     Summ           17%        N/A       10%         3
 Ozocubu's Armour         Ice            17%        N/A       10%         3
 Portal Projectile        Hex/Tloc       34%        N/A       10%         3
 Swiftness                Air            17%        N/A       10%         3
 Teleport Other           Tloc           17%        N/A       10%         3
 Borgnjor's Vile Clutch   Necr/Erth      22%        N/A       11%         5
 Starburst                Conj/Fire      22%        6d7       16%         6
 Summon Lightning Spire   Summ/Air       17%        N/A       30%         4
 Lehudib's Crystal Spear  Conj/Erth      32%        10d8      58%         8
 Agony                    Necr           17%        N/A       65%         5
 Manifold Assault         Tloc           17%        N/A       65%         5
 Silence                  Hex/Air        8%         N/A       65%         5
 Summon Forest            Summ/Tloc      8%         N/A       65%         5
 Ozocubu's Refrigeration  Ice            8%         4d6       99%         7
 Malign Gateway           Summ/Tloc      8%         N/A       100%        7
 Storm Form               Tmut/Air       9%         N/A       100%        7
 Borgnjor's Revivificati  Necr           8%         N/A       100%        8
 Maxwell's Capacitive Co  Air            8%         ∞         100%        8
 Necromutation            Tmut/Necr      9%         N/A       100%        8
 Death's Door             Necr           8%         N/A       100%        9
 Shatter                  Erth           32%        3d26*     100%        9


Dungeon Overview and Level Annotations

Branches:
Dungeon (13/15)            Temple (1/1) D:6            Lair (2/6) D:8
    Orc (0/2) D:11          Sewer (visited)           IceCv (1/1)
  Swamp: Lair:2-4    Shoals: Lair:2-4     Snake: Lair:2-4    Spider: Lair:2-4
 Vaults: D:13-14

Altars:
Dithmenos
Elyvilon
Fedhas
Gozag
Makhleb
Nemelex Xobeh
Okawaru
Qazlal
Ru
Sif Muna
Trog
Uskayaw
Vehumet
Wu Jian
Xom
Yredelemnul
The Shining One
Beogh


Innate Abilities, Weirdness & Mutations

You are immune to sickness and miasma.
Your stone body is resilient. (AC +8)
You are immune to poison.
You resist negative energy. (rN+)
You are resistant to electric shocks. (rElec)
You are resistant to unholy torment.
You are immune to petrification.


Message History

Confirm with . or Enter, or press ? or * to list all spells.
Aiming: Sandblast (safe; 1% risk of failure)
Press: ? - help, Shift-Dir - straight line, f/p - yak
Aim: a yak (90% to hit)
The blast of sand hits the yak!!
The yak is heavily wounded.
You block the yak's attack. The yak misses you.
The yak gores you but does no damage.
Okay, then.
Okay, then.
Okay, then.
You block the yak's attack.
Casting: Sandblast (safe; 1% risk of failure)
Confirm with . or Enter, or press ? or * to list all spells.
Aiming: Sandblast (safe; 1% risk of failure)
Press: ? - help, Shift-Dir - straight line, f/p - yak
Aim: a yak (heavily wounded, 90% to hit)
The blast of sand hits the yak!!
You kill the yak!
Vehumet accepts your kill.
You feel your power returning.
You feel better. You block the yak's attack. x2
Casting: Sandblast (safe; 1% risk of failure)
Confirm with . or Enter, or press ? or * to list all spells.
Aiming: Sandblast (safe; 1% risk of failure)
Press: ? - help, Shift-Dir - straight line, f - yak
Aim: a yak (90% to hit)
The blast of sand hits the yak!
The yak is moderately wounded.
The yak gores you but does no damage. The yak gores you!
* * * LOW HITPOINT WARNING * * *
Casting: Sandblast (safe; 1% risk of failure)
Confirm with . or Enter, or press ? or * to list all spells.
Aiming: Sandblast (safe; 1% risk of failure)
Press: ? - help, Shift-Dir - straight line, f/p - yak
Aim: a yak (moderately wounded, 90% to hit)
The blast of sand hits the yak!
The yak is severely wounded.
The yak gores you!
You die...

####
#..##
#@Y.#
##Y.##
#.∩.#
#...#
#...#
##...
...##
#..#
##.#


You could see 2 yaks.

Vanquished Creatures
  A boulder beetle (D:11)
  Harold (D:10)
  3 hydras
  A centaur warrior (D:13)
  4 two-headed ogres
  An ugly thing (D:13)
  A manticore (D:12)
  2 black mambas
  Maurice (D:8)
  A gargoyle (D:13)
  4 cane toads
  A rime drake (Lair:1)
  3 komodo dragons (Lair:1)
  2 ice devils (Lair:2)
  3 trolls
  Sigmund (D:4)
  3 wraiths
  2 wyverns
  8 yaks
  2 steam dragons (D:9)
  4 vampire mosquitoes (D:10)
  3 acid dragons
  Duvessa (D:6)
  4 water moccasins
  12 orc warriors
  5 black bears
  A sky beast (D:6)
  2 necrophages (D:5)
  An ice beast (D:7)
  An ogre (D:10)
  4 wolves (Lair:2)
  11 centaurs
  5 kobold brigands
  A phantom (D:5)
  7 bullfrogs
  A scorpion (D:8)
  Dowan (D:6)
  16 killer bees
  5 wights (D:9)
  A howler monkey (D:7)
  9 electric eels
  2 centaur zombies
  A bullfrog zombie (D:7)
  13 orc priests
  4 jellies
  A bullfrog skeleton (D:5)
  5 iguanas
  15 orc wizards
  A killer bee zombie (D:6)
  A hound zombie (D:5)
  A howler monkey zombie (D:9)
  A howler monkey skeleton (D:7)
  4 adders
  3 river rats
  2 white imps
  An adder skeleton (D:4)
  8 worms
  2 dart slugs (D:2)
  73 orcs
  19 ball pythons
  13 endoplasms
  4 giant cockroaches
  5 goblins
  7 hobgoblins
  3 quokkas
  5 bats
  4 frilled lizards
  12 kobolds
  10 rats
360 creatures vanquished.

Vanquished Creatures (others)
  A killer bee (D:9)
  18 fungi
  39 plants
58 creatures vanquished.

Grand Total: 418 creatures vanquished

Notes
Turn   | Place    | Note
-------+----------+-------------------------------------------
     0 | D:1      | Crownlay the Gargoyle Earth Elementalist began the quest
                  | for the Orb.
     0 | D:1      | Reached XP level 1. HP: 10/10 MP: 3/3
     1 | D:1      | Noticed a merfolk zombie
     3 | D:1      | Noticed a merfolk zombie
   348 | D:1      | Reached XP level 2. HP: 11/15 MP: 0/5
  1081 | D:2      | Reached XP level 3. HP: 19/19 MP: 1/7
  1210 | D:2      | Reached skill level 3 in Spellcasting
  1435 | D:2      | Learned a level 3 spell: Stone Arrow
  2176 | D:2      | Reached XP level 4. HP: 24/24 MP: 9/9
  2817 | D:3      | Found a faded altar of an unknown god.
  3111 | D:3      | Found an iron altar of Okawaru.
  3704 | D:4      | Noticed Sigmund
  3778 | D:4      | Found a glowing drain.
  4155 | D:4      | Killed Sigmund
  4156 | D:4      | Reached skill level 4 in Spellcasting
  4156 | D:4      | Reached skill level 5 in Earth Magic
  4156 | D:4      | Reached XP level 5. HP: 21/28 MP: 7/12
  4156 | D:4      | Reached XP level 6. HP: 24/32 MP: 7/13
  4184 | Sewer    | Entered a sewer
  4284 | Sewer    | Reached skill level 5 in Spellcasting
  4729 | Sewer    | Reached XP level 7. HP: 30/36 MP: 10/15
  5088 | Sewer    | Reached skill level 6 in Spellcasting
  5607 | D:5      | Entered Level 5 of the Dungeon
  5659 | D:5      | Reached skill level 7 in Spellcasting
  5659 | D:5      | Reached XP level 8. HP: 32/41 MP: 12/18
  6212 | D:5      | Reached skill level 8 in Spellcasting
  6698 | D:6      | Found a staircase to the Ecumenical Temple.
  6700 | D:6      | Noticed Dowan
  6708 | Temple   | Entered the Ecumenical Temple
  6916 | Temple   | Became a worshipper of Vehumet
  7358 | D:6      | Noticed Duvessa
  7361 | D:6      | Killed Dowan
  7367 | D:6      | Killed Duvessa
  7368 | D:6      | Reached XP level 9. HP: 5/45 MP: 1/21
  7937 | D:7      | Found a shadowy altar of Dithmenos.
  7997 | D:7      | Reached skill level 9 in Spellcasting
  8979 | D:7      | Identified the +7 short sword of Makhleb's Envy {freeze,
                  | rCorr Int+2}
  9813 | D:8      | Reached * piety under Vehumet
  9813 | D:8      | Offered knowledge of Freeze by Vehumet.
  9814 | D:8      | Reached skill level 10 in Spellcasting
  9824 | D:8      | Reached skill level 10 in Earth Magic
  9827 | D:8      | Reached XP level 10. HP: 17/50 MP: 4/24
 10087 | D:8      | Found a staircase to the Lair.
 10104 | D:8      | Reached skill level 11 in Spellcasting
 10599 | D:8      | Noticed Maurice
 10722 | D:8      | Killed Maurice
 10723 | D:8      | Reached skill level 12 in Spellcasting
 10723 | D:8      | Reached skill level 1 in Conjurations
 11214 | D:8      | Offered knowledge of Searing Ray by Vehumet.
 11282 | D:9      | Reached ** piety under Vehumet
 11283 | D:9      | Reached skill level 1 in Fighting
 11730 | D:9      | Identified the ring of the Death Scarab {Int+6 Dex+4}
 11848 | D:9      | Reached skill level 1 in Shields
 12166 | D:9      | Noticed a two-headed ogre
 12170 | D:9      | Killed a two-headed ogre
 12171 | D:9      | Reached XP level 11. HP: 60/60 MP: 22/27
 12225 | D:9      | Offered knowledge of Dazzling Flash by Vehumet.
 12806 | D:10     | Entered Level 10 of the Dungeon
 13091 | D:10     | Noticed Harold
 13099 | D:10     | Killed Harold
 13100 | D:10     | Reached skill level 5 in Conjurations
 13322 | D:10     | Reached *** piety under Vehumet
 13661 | D:10     | Reached skill level 5 in Fighting
 13664 | D:10     | Offered knowledge of Fulminant Prism by Vehumet.
 14041 | D:11     | Reached **** piety under Vehumet
 14044 | D:11     | Noticed a boulder beetle
 14074 | D:11     | Killed a boulder beetle
 14099 | D:11     | Offered knowledge of Fireball by Vehumet.
 14225 | D:11     | Found a staircase to the Orcish Mines.
 14446 | D:11     | Noticed a two-headed ogre
 14449 | D:11     | Killed a two-headed ogre
 15508 | D:12     | Noticed a manticore
 15513 | D:12     | Killed a manticore
 15781 | D:12     | Reached XP level 12. HP: 71/71 MP: 18/28
 15826 | D:12     | Noticed a seven-headed hydra
 15830 | D:12     | Killed a seven-headed hydra
 15933 | D:12     | Noticed a two-headed ogre
 15936 | D:12     | Killed a two-headed ogre
 15971 | D:12     | Noticed a two-headed ogre
 15975 | D:12     | Killed a two-headed ogre
 16127 | D:13     | Identified the +2 buckler of Latuat {*Slow +Blink rElec
                  | Dex+6}
 16428 | D:13     | Noticed a centaur warrior
 16435 | D:13     | Killed a centaur warrior
 16709 | D:13     | Noticed a death knight
 16878 | Lair:1   | Entered Level 1 of the Lair of Beasts
 17017 | Lair:1   | Identified 3 scrolls of acquirement
 17018 | Lair:1   | Noticed an eight-headed hydra
 17024 | Lair:1   | Killed an eight-headed hydra
 17025 | Lair:1   | Reached skill level 13 in Spellcasting
 17129 | Lair:1   | Acquired the Compendium of Hurtful Flames
 17131 | Lair:1   | Acquired 754 gold pieces
 17133 | Lair:1   | Acquired a book of Spectacle
 17202 | Lair:1   | Reached skill level 10 in Conjurations
 17256 | Lair:1   | Reached skill level 1 in Evocations
 17266 | Lair:1   | Learned a level 6 spell: Iron Shot
 17312 | Lair:1   | Noticed a six-headed hydra
 17313 | Lair:1   | Reached ***** piety under Vehumet
 17317 | Lair:1   | Killed a six-headed hydra
 17572 | Lair:1   | Offered knowledge of Lee's Rapid Deconstruction by Vehumet.
 17580 | Lair:1   | Learned a level 5 spell: Lee's Rapid Deconstruction
 18236 | Lair:1   | Acquired the Handbook of Clay
 18278 | Lair:2   | Got the Catalogue of the Compass
 18615 | Lair:2   | Found a frozen archway.
 18647 | Lair:2   | HP: 1/76 [ice devil (10)]
 18770 | IceCv    | Entered an ice cave
 18782 | IceCv    | Slain by a yak

Illustrated notes

Levels and vault maps discovered:
D:1:      shiori_arrival_whats_in_store_for_you, layout_basic
D:2:      layout_loops_corners
D:3:      layout_basic, mainiacjoe_overflow_24_doors,
          shapermc_ecumenical_altar_rom_forum, minmay_close_crescents
D:4:      layout_basic, portal_sewer_entry_a, uniq_sigmund
D:5:      layout_loops_ring
D:6:      layout_loops_ring, minmay_temple_entry_grid, uniq_duvessa
D:7:      layout_layer_cave, grunt_dithmenos_smoke, serial_bayou,
          serial_bayou_shore_a, serial_bayou_shore_b, serial_bayou_lagoon_a,
          serial_bayou_pond_d
D:8:      layout_rooms, grunt_lair_entry_orc_guard_hut, uniq_maurice
D:9:      layout_roguey, serial_bayou, serial_bayou_pond_d, serial_bayou_pond_e,
          serial_bayou_pond_a, serial_bayou_lagoon_b
D:10:     layout_loops_ring, special_room [special_room_orc], uniq_harold
D:11:     layout_irregular_city, hiddenorc2_lemuel
D:12:     layout_rooms
D:13:     layout_basic, hangedman_vaults_entry_quadrant_bands
Temple:   mainiacjoe_temple_cubbyholes
Lair:1:   beast_lair_carwin_large_2, layout_small_grid, lemuel_fruit_tree,
          lemuel_fruit_fields
Lair:2:   layout_cave_shapes, portal_ice_cave_demonic_guard
IceCv:    ice_cave_caverns_02

Skill      XL: |  1  2  3  4  5  6  7  8  9 10 11 12 |
---------------+-------------------------------------+-----
Earth Magic    | 4 5 6 7 8 10 | 10.2
Spellcasting   | 3 4 5 7 8 10 12 13 | 13.2
Conjurations   | 3 8 10 | 10.0
Fighting       | 3 6 9 |  9.1
Dodging        | 2 |  2.9
Shields        | 3 4 |  4.0
Evocations     | 3 |  3.6
Stealth        | |  2.1
Transmutations | |  0.7

Action                   |  1- 3 |  4- 6 |  7- 9 | 10-12 || total
-------------------------+-------+-------+-------+-------++-------
Melee: Short sword       |   122 |    72 |     2 |    43 ||   239
       Dagger            |     1 |       |       |       ||     1
       Flail             |       |       |     4 |       ||     4
Throw: Throwing net      |       |       |       |     1 ||     1
 Cast: Sandblast         |    13 |    68 |   105 |   125 ||   311
       Stone Arrow       |       |     1 |    47 |   242 ||   290
       Iron Shot         |       |       |       |     2 ||     2
Evoke: Wand              |       |       |       |    24 ||    24
  Use: Scroll            |       |     6 |     4 |    12 ||    22
       Potion            |       |     4 |       |     4 ||     8
 Stab: Sleeping          |     3 |     3 |       |       ||     6
       Paralysed         |       |       |       |     6 ||     6
Armor: Robe              |    49 |    41 |    21 |    68 ||   179
Dodge: Dodged            |    83 |    83 |    35 |   134 ||   335
Block: Buckler           |       |       |       |    30 ||    30

Table legend: (Time is in decaauts)
 A = Elapsed time spent in this place.
 B = Non-inter-level travel time spent in this place.
 C = Inter-level travel time spent in this place.
 D = Time resting spent in this place.
 E = Time spent auto-exploring this place.
 F = Levels seen in this place.
 G = Mean time per level.
                   A        B        C        D        E       F      G
               +--------+--------+--------+--------+--------+-----+--------+
         Total |  19007 |  18351 |    656 |    231 |  15459 |  18 | 1055.9 |
       Dungeon |  15746 |  15177 |    569 |    142 |  13028 |  13 | 1211.2 |
        Temple |    226 |    208 |     18 |      0 |    201 |   1 |  226.0 |
          Lair |   1896 |   1828 |     68 |     89 |   1293 |   2 |  948.0 |
         Sewer |   1125 |   1125 |      0 |      0 |    935 |   1 | 1125.0 |
      Ice Cave |     11 |     11 |      0 |      0 |      0 |   1 |   11.0 |
               +--------+--------+--------+--------+--------+-----+--------+

Top non-repeatable levels by time:
     D:7: 1938 daAuts
     D:8: 1799 daAuts
     D:2: 1726 daAuts
    D:11: 1647 daAuts
     D:3: 1470 daAuts
  Lair:1: 1385 daAuts
     D:9: 1221 daAuts
     D:6: 1151 daAuts
   Sewer: 1125 daAuts
    D:10: 1100 daAuts
     D:5: 952 daAuts
     D:1: 806 daAuts
    D:12: 663 daAuts
     D:4: 648 daAuts
    D:13: 618 daAuts
